Map: Port Aleksander EC

Players

llllllllllll

  • Race: Protoss Protoss
  • League: Master
  • Spawn Location: 11:00

Neox - Winner!

  • Race: Zerg Zerg
  • League: Master
  • Spawn Location: 5:00

VOD

Have the link to the VOD?

Description

Time

  • Played on: Dec. 12, 2018, 5:57 p.m.
  • Length: 7:38
Show
View Real Time Build Order
Export as new Build Order

llllllllllll Protoss 

Build Orders:  

Get SALT Encoding   

  12  0:03  Probe  
  13  0:15  Probe  
  14  0:22  Pylon  
  14  0:24  Probe  
  15  0:36  Probe  
  15  0:40  Gateway  
  16  0:47  Probe  
  17  0:51  Assimilator  
  17  0:56  Probe  
  18  1:04  Probe  
  19  1:13  Probe  
  20  1:25  Probe  
  20  1:30  Cybernetics Core  
  21  1:45  Nexus  
  21  1:49  Probe  
  22  1:57  Assimilator  
  22  2:02  Pylon  
  22  2:04  Probe  
  23  2:11  Adept  
  23  2:12  Warp Gate  
  23  2:20  Probe  
  26  2:32  Probe  
  27  2:40  Robotics Facility  
  27  2:44  Probe  
  27  2:45  Adept  
  29  2:56  Probe  
  30  3:00  Shield Battery  
  30  3:02  Probe  
  31  3:09  Probe  
  32  3:14  Gateway  
  33  3:21  Probe, Immortal  
  33  3:24  Sentry  
  40  3:34  Probe  
  40  3:39  Shield Battery  
  41  3:41  Probe  
  41  3:46  Probe  
  42  3:50  Immortal  
  42  3:53  Pylon  
  46  4:09  Pylon  
  46  4:11  Probe x2  
  46  4:15  Sentry, Zealot  
  52  4:20  Pylon  
  52  4:24  Probe  
  53  4:27  Probe  
  54  4:36  Probe  
  55  4:39  Probe  
  55  4:40  Forge  
  56  4:46  Adept  
  56  4:47  Adept  
  56  4:48  Probe  
  56  4:51  Probe  
  62  5:00  Probe  
  62  5:03  Probe  
  64  5:11  Protoss Ground Weapons Level 1  
  64  5:14  Assimilator  
  64  5:16  Assimilator, Nexus  
  64  5:17  Immortal  
  68  5:26  Probe  
  68  5:28  Probe  
  66  5:36  Gateway  
  66  5:38  Probe, Pylon  
  66  5:40  Probe, Pylon  
  68  5:44  Zealot  
  70  5:56  Probe x2  
  72  6:01  Shield Battery  
  72  6:02  Adept  
  74  6:08  Photon Cannon, Probe x2  
  76  6:16  Gateway  
  76  6:18  Twilight Council  
  76  6:20  Probe x2  
  76  6:22  Gateway  
  76  6:27  Probe  
  76  6:32  Probe x2  
  80  6:40  Probe  
  80  6:42  Robotics Facility  
  80  6:44  Probe x2  
  82  6:51  Zealot x2  
  82  6:52  Zealot  
  89  6:57  Probe x2  
  76  7:14  Zealot x3  
  73  7:16  Sentry  
  69  7:23  Zealot  
  61  7:37  Sentry  
Show
View Real Time Build Order
Export as new Build Order

Neox Zerg - Winner!

Build Orders: Pool First 

Get SALT Encoding   

  12  0:02  Drone  
  13  0:16  Overlord  
  13  0:18  Drone  
  14  0:35  Drone x2  
  16  0:39  Drone  
  16  0:42  Extractor  
  16  0:50  Spawning Pool  
  16  0:54  Drone  
  16  1:00  Drone  
  17  1:10  Drone  
  18  1:28  Hatchery  
  18  1:32  Drone  
  18  1:41  Queen  
  18  1:46  Zergling x2  
  21  1:53  Metabolic Boost  
  21  1:56  Drone  
  22  2:05  Overlord  
  22  2:16  Roach Warren  
  21  2:23  Drone  
  21  2:24  Zergling x2  
  23  2:34  Drone  
  24  2:38  Drone  
  24  2:43  Drone  
  27  2:56  Zergling x2  
  27  2:57  Zergling x2  
  29  2:59  Drone x2  
  29  3:00  Drone  
  32  3:07  Queen  
  32  3:11  Drone x2  
  36  3:17  Overlord  
  36  3:32  Spore Crawler  
  36  3:33  Queen  
  36  3:36  Hatchery  
  36  3:37  Spore Crawler  
  34  3:45  Drone x5  
  39  3:55  Lair  
  39  4:02  Overlord  
  39  4:07  Drone x3  
  39  4:08  Drone  
  43  4:12  Drone  
  44  4:18  Overlord, Extractor  
  43  4:25  Drone  
  43  4:26  Drone x2, Extractor  
  43  4:28  Drone  
  43  4:29  Drone  
  46  4:51  Drone x2  
  46  4:52  Drone  
  49  4:54  Overseer  
  49  4:59  Hydralisk Den  
  48  5:00  Drone x2, Extractor  
  48  5:01  Drone  
  48  5:04  Zergling x2  
  48  5:05  Zergling x10  
  56  5:07  Evolution Chamber  
  55  5:17  Zergling x8  
  55  5:18  Zergling x2  
  55  5:20  Drone  
  61  5:28  Drone  
  62  5:35  Overlord x4  
  62  5:36  Overlord  
  62  5:40  Muscular Augments  
  62  5:42  Zerg Missile Weapons Level 1  
  62  5:55  Hydralisk x3  
  62  5:56  Hydralisk x4  
  75  6:04  Hydralisk x2  
  75  6:07  Overlord  
  79  6:13  Hydralisk x2  
  79  6:17  Zergling x6  
  84  6:28  Hydralisk x2  
  84  6:29  Hydralisk  
  84  6:31  Zergling x4  
  91  6:37  Zergling x4  
  91  6:38  Zergling x4  
  95  6:42  Zergling x2  
  95  6:43  Zergling x4  
  95  6:45  Zergling x2  
  94  7:03  Zergling x18  
  93  7:12  Zergling x4  
  93  7:13  Zergling x10  
Tags
 
Add a new tag
Caveats
  • Supply blocks, unpowered buildings, or Contaminate may cause inaccurate times.
  • Supply counts are checked every 10 seconds.